 Dungeon Crawl Stone Soup version 0.26-a0-27-g1f0226971c (webtiles) character file.

Game seed: 18207307046088758205, levelgen mode: deterministic

21 Esekla the Grasshopper (level 2, -1/19 HPs)
             Began as an Octopode Warper on May 27, 2020.
             Slain by a goblin (4 damage)
             ... led by Robin
             ... on level 2 of the Dungeon.
             The game lasted 00:03:32 (1048 turns).

Esekla the Grasshopper (Octopode Warper)            Turns: 1048, Time: 00:03:32

Health: -1/19      AC:  1    Str: 10    XL:     2   Next: 87%
Magic:  5/5        EV: 13    Int: 15    God:
Gold:   53         SH:  0    Dex: 11    Spells: 5/5 levels left

rFire    . . .     SeeInvis .   a - +0 falchion
rCold    . . .     Gourm    .   (no shield)
rNeg     . . .     Faith    .   (helmet restricted)
rPois    .         Spirit   .   (no amulet)
rElec    .         Reflect  .   (no ring)
rCorr    .         Harm     .   (no ring)
MR       .....                  (no ring)
Stlth    ++........             (no ring)
HPRegen  0.06/turn              (no ring)
MPRegen  0.09/turn              (no ring)
                                (no ring)
                                (no ring)

@: no status effects
A: almost no armour, stealthy swim, amphibious, 8 rings, constrict 8, camouflage
1, gelatinous body 1
a: no special abilities


You were on level 2 of the Dungeon.
You were not hungry.

You visited 1 branch of the dungeon, and saw 2 of its levels.

You collected 53 gold pieces.

Inventory:

Hand Weapons
 a - a +0 falchion (weapon)
Missiles
 d - 5 boomerangs of dispersal (quivered)
 h - 7 boomerangs
Scrolls
 b - a scroll of fear {unknown}
 c - a scroll of blinking
 e - 2 scrolls of enchant armour {unknown}
 g - a scroll of amnesia {unknown}
 i - a scroll of enchant weapon {unknown}
 l - a scroll of identify {unknown}
Potions
 j - a potion of stabbing {unknown}
 k - a potion of degeneration {unknown}
 n - a potion of haste {unknown}
Comestibles
 f - 4 rations
 m - a chunk of flesh


   Skills:
 + Level 2.1 Fighting
 * Level 2.4 Long Blades
 - Level 1.0 Throwing
 * Level 2.7 Dodging
 + Level 2.3 Spellcasting
   Level 3.0 Translocations


You had 5 spell levels left.
You didn't know any spells.
Your spell library contained the following spells:

 Spells                   Type           Power        Failure   Level  Hunger
 Blink                    Tloc           N/A          10%         2    ###....
 Shroud of Golubria       Chrm/Tloc      #.....       17%         2    ###....
 Gell's Gravitas          Tloc           ##........   19%         3    ###....
 Lesser Beckoning         Tloc           ##........   19%         3    ###....
 Teleport Other           Tloc           ##......     19%         3    ###....
 Passage of Golubria      Tloc           N/A          52%         4    #####..


Dungeon Overview and Level Annotations

Branches:
Dungeon (2/15)

Altars:

Annotations:
D:2 Robin


Innate Abilities, Weirdness & Mutations

You cannot wear most types of armour.
You are very stealthy in the water. (Stealth+)
You are amphibious.
You can wear up to eight rings at the same time.
You can use your tentacles to constrict eight enemies at once.
Your skin changes colour to match your surroundings (Stealth+).
Your rubbery body absorbs attacks. (AC +1, EV +1)


Message History

A goblin and Robin come into view.
A kobold comes into view.
The goblin wields a +0 hunting sling.
The goblin shoots a stone.
The stone closely misses you.
The goblin shouts! x2 2 goblins and a hobgoblin come into view.
The goblin shouts!
The leopard gecko hisses angrily.
The goblin shouts!
Robin roars a battlecry!
The goblins go into a battle-frenzy!
Robin laughs in a distinctly smug fashion.
Robin throws the goblin at you!
The goblin unwields a +0 hunting sling.
The goblin hits you.
You see here a stone.
You closely miss the goblin. Your grab misses the goblin.
The goblin closely misses you.
You barely miss the goblin. Your grab misses the goblin.
The goblin hits you with a +0 club. The goblin hits you. The goblin hits you.
* * * LOW HITPOINT WARNING * * *
The goblin hits you.
You die...

######... .......##
##.....## #...)...#
.. #.......# # ...
#.......#####.# ...
##.<..........# #.#
#.........g#####..#..
#.......##@gg........
#...(...#.gl.K..#...#
##.....##.ggggg......
##...###.gg.........
##### #............
#............
#..?.........
#............
.............


You could see Robin, a leopard gecko, a hobgoblin (strong), 9 goblins and a
kobold.

Vanquished Creatures
  A dart slug (D:1)
  2 leopard geckos (D:1)
  4 goblins (D:1)
  3 hobgoblins (D:1)
  A bat (D:1)
  5 kobolds
16 creatures vanquished.

Notes
Turn   | Place    | Note
-------+----------+-------------------------------------------
     0 | D:1      | Esekla the Octopode Warper began the quest for the Orb.
     0 | D:1      | Reached XP level 1. HP: 14/14 MP: 3/3
   253 | D:1      | Reached XP level 2. HP: 19/19 MP: 5/5
  1042 | D:2      | Noticed Robin
  1048 | D:2      | Slain by a goblin

Illustrated notes

Levels and vault maps discovered:
D:1:      saegor_arrival_simple_c, layout_rooms, serial_aquarium,
          aquarium_bridge_island_small [aquarium_subvault_small_open,
          aquarium_subvault_bridge, aquarium_subvault_wall,
          aquarium_subvault_wall, aquarium_subvault_wall],
          aquarium_window_double, aquarium_window_fake, aquarium_view_2b,
          aquarium_pool_side, st_stairs_12
D:2:      layout_rooms, lemuel_crystal_altar, uniq_robin

Action                   || total
-------------------------++-------
Melee: Falchion          ||    33
       Constrict         ||    11
       Tentacles         ||     9
 Stab: Sleeping          ||     1
Armor: Skin              ||     2
Dodge: Dodged            ||    20
       Rpst.: Falchion   ||     7

Table legend:
 A = Non-vault XP
 B = Vault XP
 C = Vault XP percentage of total XP
 D = Non-vault monster count
 E = Vault monster count
 F = Vault count percentage of total count
                 A         B        C        D         E       F
            +---------+---------+-------+---------+---------+-------
      Total |      25 |       6 |  19.4 |      13 |       3 |  18.8
            +---------+---------+-------+---------+---------+-------
        D:1 |      24 |       6 |  20.0 |      12 |       3 |  20.0
        D:2 |       1 |       0 |   0.0 |       1 |       0 |   0.0
            +---------+---------+-------+---------+---------+-------
